 Dungeon Crawl Stone Soup version 0.18.1-8-gdd0e5ea (webtiles) character file.

970 Quirk the Skirmisher (level 7, 0/71 HPs)
             Began as a Troll Fighter on May 26, 2016.
             Slain by a big kobold (6 damage)
             ... on level 4 of the Dungeon.
             The game lasted 00:07:40 (3477 turns).

Quirk the Skirmisher (Troll Fighter)                Turns: 3477, Time: 00:07:40

Health: 0/71       AC:  5    Str: 27    XL:     7   Next: 94%
Magic:  6/6        EV: 15    Int:  2    God:
Gold:   107        SH: 10    Dex: 14    Spells: 0 memorised, 6 levels left

rFire  . . .     SeeInvis .     a - +0 flail
rCold  . . .     Gourm    +     b - +0 robe
rNeg   . . .     Faith    .     c - +0 shield
rPois  .         Spirit   .     (helmet restricted)
rElec  .         Dismiss  .     (no cloak)
rCorr  .         Reflect  .     (gloves unavailable)
SustAt .         Harm     .     (boots unavailable)
MR     .....                    h - amulet of regeneration
Stlth  ++........               (no ring)
                                (no ring)

@: agile, not resistant to hostile enchantments, unstealthy
A: unfitting armour, claws 3, blink, dopey 1, fast metabolism 3, gourmand,
regeneration 2, shaggy fur 1, tough skin 2
a: Blink


You were on level 4 of the Dungeon.
You were very full.

You visited 1 branch of the dungeon, and saw 4 of its levels.

You collected 107 gold pieces.

Inventory:

Hand Weapons
 a - a +0 flail (weapon)
 x - a +0 giant spiked club
Armour
 b - a +0 robe (worn)
 c - a +0 shield (worn)
Jewellery
 h - an amulet of regeneration (around neck)
Scrolls
 e - 3 scrolls of identify {unknown}
 i - a scroll of amnesia {unknown}
 k - a scroll of immolation {unknown}
 l - a scroll of remove curse {unknown}
 o - a scroll of random uselessness {unknown}
 t - a scroll of teleportation {unknown}
 v - a scroll of enchant weapon {unknown}
Potions
 d - a potion of might
 j - a potion of mutation
 p - a potion of invisibility {unknown}
 q - a potion of cancellation {unknown}
 w - a potion of resistance
Comestibles
 f - 3 bread rations
 m - 3 royal jellies
 r - 3 fruits
 s - a slice of pizza
 u - 4 chunks of flesh
 z - a meat ration


   Skills:
 * Level 4.6 Fighting
 * Level 4.5 Maces & Flails
 + Level 2.0 Armour
 * Level 4.4 Dodging
 + Level 3.5 Shields


You had 6 spell levels left.
You didn't know any spells.

Dungeon Overview and Level Annotations

Branches:
Dungeon (4/15)             Temple (0/1) D:4

Altars:
Dithmenos
Fedhas
Makhleb
Zin


Innate Abilities, Weirdness & Mutations

You are too large for most types of armour.
You have claws for hands.
Your metabolism is lightning-fast.
You like to eat raw meat.
You heal very quickly.
You are covered in fur (AC +1).
You have very tough skin (AC +2).
You can translocate small distances at will.
You are dopey. (Int -2)


Message History

The hobgoblin completely misses you.
You closely miss the hobgoblin.
The gnoll hits you from afar with a halberd!
* * * LOW HITPOINT WARNING * * *
The hobgoblin hits you but does no damage.
Drink which item? (? for menu, Esc to quit)
It was a potion of agility.
You feel agile all of a sudden. The gnoll barely misses you.
You block the hobgoblin's attack.
Drink which item? (? for menu, Esc to quit)
It was a potion of curing.
You feel better.
The hobgoblin hits you but does no damage.
You block the gnoll's attack.
You hit the hobgoblin.
You kill the hobgoblin!
The gnoll hits you from afar with a halberd!
* * * LOW HITPOINT WARNING * * *
You closely miss the big kobold. The gnoll closely misses you.
You barely miss the kobold. The big kobold hits you.
You die...

#...######## #####
#...#......## ##....
#...#.......###.....
#'##........#......
#...........#......
#..K........'......
#g..........#......
##K##........#......
#≈≈≈≈≈≈≈#)K@#.......###.....
#≈≈≈≈≈≈≈#...#......## ##....
#≈≈≈≈≈≈≈#...################
#≈≈≈≈≈≈≈#####≈≈≈≈≈≈≈≈≈≈≈≈≈≈≈
#≈≈≈≈≈≈≈≈≈≈≈≈≈≈≈≈≈≈≈≈≈≈≈≈≈≈≈
#≈≈≈≈≈≈≈≈≈≈≈≈≈≈≈≈≈≈≈≈≈≈≈≈≈≈≈
#≈≈.≈.≈..≈..≈≈≈≈...≈≈≈≈≈≈≈≈≈
#................÷..........
#...........................


You could see a big kobold, a gnoll and a kobold.

Vanquished Creatures
  Grinder (D:3)
  The ghost of crab the Gusty, an amateur TeAE of Vehumet (D:4)
  An ogre (D:4)
  3 wights (D:3)
  2 hounds (D:4)
  3 orc priests (D:4)
  An orc wizard (D:3)
  A worker ant (D:4)
  Terence (D:3)
  8 adders
  6 gnolls
  An ooze (D:3)
  4 worms
  A dart slug (D:1)
  2 giant geckos
  8 orcs
  11 bats
  2 giant cockroaches
  16 goblins
  14 hobgoblins
  6 jackals
  A quokka (D:4)
  4 giant newts
  6 kobolds
  5 rats
109 creatures vanquished.

Notes
Turn   | Place    | Note
--------------------------------------------------------------
     0 | D:1      | Quirk the Troll Fighter began the quest for the Orb.
     0 | D:1      | Reached XP level 1. HP: 22/22 MP: 0/0
   198 | D:1      | Reached XP level 2. HP: 29/29 MP: 1/1
   790 | D:2      | Found a blossoming altar of Fedhas.
   904 | D:2      | Reached XP level 3. HP: 29/36 MP: 2/2
   942 | D:2      | Found a shadowy altar of Dithmenos.
  1257 | D:2      | Reached XP level 4. HP: 34/45 MP: 3/3
  1436 | D:2      | Found a burning altar of Makhleb.
  1439 | D:2      | Found a glowing silver altar of Zin.
  1439 | D:2      | Noticed an angel
  1440 | D:2      | Noticed a cacodemon
  1849 | D:3      | Noticed Terence
  1877 | D:3      | Killed Terence
  1884 | D:3      | Reached skill level 1 in Armour
  1884 | D:3      | Reached XP level 5. HP: 42/53 MP: 4/4
  2136 | D:3      | Reached XP level 6. HP: 57/61 MP: 5/5
  2200 | D:3      | Gained mutation: You can translocate small distances at will. [potion of mutation]
  2200 | D:3      | Gained mutation: You are dopey. (Int -2) [potion of mutation]
  2203 | D:3      | Noticed Grinder
  2241 | D:3      | Paralysed by Grinder for 2 turns
  2273 | D:3      | Paralysed by Grinder for 2 turns
  2277 | D:3      | Killed Grinder
  2584 | D:4      | Reached XP level 7. HP: 68/70 MP: 6/6
  2696 | D:4      | Found a staircase to the Ecumenical Temple.
  2874 | D:4      | Noticed crab's ghost (amateur TeAE)
  2905 | D:4      | Killed crab's ghost
  3477 | D:4      | Slain by a big kobold

Skill      XL: |  1  2  3  4  5  6  7 |
---------------+----------------------+-----
Maces & Flails | 2 3 4 |  4.5
Fighting       | 3 4 |  4.6
Dodging        | 3 4 |  4.4
Armour         | 1 2 |  2.0
Shields        | 3 |  3.5

Action                   |  1- 3 |  4- 6 |  7- 9 || total
-------------------------+-------+-------+-------++-------
Melee: Flail             |    96 |   213 |   173 ||   482
  Use: Potion            |       |     3 |     3 ||     6
  Eat: Chunk             |    16 |    14 |     9 ||    39
Armor: Robe              |    39 |   104 |    52 ||   195
Dodge: Dodged            |    32 |   103 |    85 ||   220
Block: Shield            |    44 |   118 |   125 ||   287
